ITL
RICHMOND FLAIRS @ TUSCALOOSA TROUT SLAYERS
08/30/2027
 
TOP OF THE 1ST
Richmond Flairs batting - Pitching for Tuscaloosa Trout Slayers : RHP Jesús Zapata
Pitching: RHP Jesús Zapata
Batting: RHB Javier Rentería 0-0: Ball
1-0: Foul Ball, location: 2F
1-1: Foul Ball, location: 2F
1-2: Fly out, F8 (Flyball, 89M)
Batting: RHB Freddy Padilla 0-0: Ball
1-0: Ball
2-0: Ball
3-0: Base on Balls
Batting: LHB Sean Nicks 0-0: Called Strike
0-1: Ball
1-1: Called Strike
1-2: Strikes out swinging
Batting: RHB Elliott Johnston 0-0: Called Strike
0-1: Foul Ball, location: 2F
0-2: Ball
1-2: Strikes out looking
Top of the 1st over - 0 run(s), 0 hit(s), 0 error(s), 1 left on base; Richmond 0 - Tuscaloosa 0
BOTTOM OF THE 1ST
Tuscaloosa Trout Slayers batting - Pitching for Richmond Flairs : RHP Carlos Fernández
Pitching: RHP Carlos Fernández
Batting: LHB Pat Zimmerman 0-0: Ball
1-0: SINGLE (Groundball, 3) (infield hit)
Batting: RHB Pat Fullerton 0-0: Ball
1-0: Ball
2-0: Ball
3-0: Called Strike
3-1: Base on Balls
Pat Zimmerman to second
Batting: LHB Robert Phillips 0-0: SINGLE (Flyball, 89S)
Pat Zimmerman to third
Pat Fullerton to second
Batting: LHB António Cedeño 0-0: GRAND SLAM HOME RUN (Flyball, 9LD), Distance : 374 ft
Batting: LHB Marcos Villarreal 0-0: Ball
1-0: Called Strike
1-1: Foul Ball, location: 2F
1-2: Foul Ball, location: 2F
1-2: Ball
2-2: Ball
3-2: Strikes out swinging
Batting: RHB Shigemasa Ishida 0-0: Ball
1-0: Ball
2-0: Called Strike
2-1: Ground out 6-3 (Groundball, 6)
Batting: RHB Satoru Daikawa 0-0: Ball
1-0: Ball
2-0: Foul Ball, location: 2F
2-1: Swinging Strike
2-2: Ball
3-2: Strikes out swinging
Bottom of the 1st over - 4 run(s), 3 hit(s), 0 error(s), 0 left on base; Richmond 0 - Tuscaloosa 4
TOP OF THE 2ND
Richmond Flairs batting - Pitching for Tuscaloosa Trout Slayers : RHP Jesús Zapata
Batting: LHB Luis Villa 0-0: Ball
1-0: Called Strike
1-1: Ball
2-1: Ball
3-1: Swinging Strike
3-2: Base on Balls
Batting: LHB R.J. Courtney 0-0: Ball
1-0: SINGLE (Line Drive, 6MD)
Luis Villa to second
Batting: RHB Hollis Wood 0-0: Ball
1-0: Ball
2-0: 3-RUN HOME RUN (Flyball, 7D), Distance : 341 ft
Batting: RHB Gary Thomas 0-0: Called Strike
0-1: Swinging Strike
0-2: Ball
1-2: Strikes out swinging
Batting: RHB Ray Yates 0-0: Called Strike
0-1: Ball
1-1: Called Strike
1-2: Strikes out swinging
Batting: RHB Javier Rentería 0-0: Called Strike
0-1: Ball
1-1: Ball
2-1: Foul Ball, location: 2F
2-2: Foul Ball, location: 2F
2-2: Ball
3-2: Base on Balls
Batting: RHB Freddy Padilla 0-0: Ball
1-0: Single, Error in OF, E7, batter to second base
Javier Rentería to third
Batting: LHB Sean Nicks 0-0: Called Strike
0-1: Ball
1-1: Ball
2-1: Called Strike
2-2: Foul Ball, location: 2F
2-2: SINGLE (Flyball, 4MD)
Javier Rentería scores
Freddy Padilla to third
Runner from 3rd tries for Home, SAFE, no throw
Batting: RHB Elliott Johnston 0-0: Swinging Strike
0-1: Ball
1-1: Swinging Strike
1-2: Foul Ball, location: 2F
1-2: Strikes out swinging
Top of the 2nd over - 5 run(s), 4 hit(s), 1 error(s), 1 left on base; Richmond 5 - Tuscaloosa 4
BOTTOM OF THE 2ND
Tuscaloosa Trout Slayers batting - Pitching for Richmond Flairs : RHP Carlos Fernández
Batting: RHB Tetsunori Ito 0-0: Foul Ball, location: 2F
0-1: Ball
1-1: Ground out 5-3 (Groundball, 56)
Batting: RHB José Ortega 0-0: Ground out 3-1 (Groundball, 34S)
Batting: LHB Pat Zimmerman 0-0: Swinging Strike
0-1: Ball
1-1: SINGLE (Flyball, 9S)
Batting: RHB Pat Fullerton 0-0: Called Strike
Pat Zimmerman steals 2nd base
0-1: Foul Ball, location: 2F
0-2: Ball
1-2: Fly out, F5 (Line Drive, 56)
Bottom of the 2nd over - 0 run(s), 1 hit(s), 0 error(s), 1 left on base; Richmond 5 - Tuscaloosa 4
TOP OF THE 3RD
Richmond Flairs batting - Pitching for Tuscaloosa Trout Slayers : RHP Jesús Zapata
Batting: LHB Luis Villa 0-0: Foul Ball, location: 2F
0-1: SINGLE (Groundball, 6MD)
Batting: LHB R.J. Courtney 0-0: Ball
1-0: Ball
2-0: Foul Ball, location: 2F
2-1: Fly out, F9 (Flyball, 9D)
Batting: RHB Hollis Wood 0-0: Swinging Strike
Luis Villa steals 2nd base
0-1: Ball
1-1: Ball
2-1: Ball
3-1: Swinging Strike
3-2: Base on Balls
Batting: RHB Gary Thomas 0-0: Ball
1-0: Foul Ball, location: 2F
1-1: SINGLE (Groundball, 6MD)
Luis Villa to third
Hollis Wood to second
Runner from 3rd tries for Home, SAFE, no throw
Pitching: RHP Marlon Ryan
Batting: RHB Ray Yates 0-0: Reached on error, E6 (Groundball, 6S)
Hollis Wood to third
Gary Thomas to second
Batting: RHB Javier Rentería 0-0: Fly out, F8 (Line Drive, 8RM)
Runner from 3rd tags up, SCORES, throw made
Batting: RHB Freddy Padilla 0-0: Ball
1-0: Foul Ball, location: 2F
1-1: Ball
2-1: Called Strike
2-2: Ball
3-2: Foul Ball, location: 2F
3-2: Foul Ball, location: 2F
3-2: Foul Ball, location: 2F
3-2: Foul Ball, location: 2F
3-2: Ground out 1-3 (Groundball, 15)
Top of the 3rd over - 2 run(s), 2 hit(s), 1 error(s), 2 left on base; Richmond 7 - Tuscaloosa 4
BOTTOM OF THE 3RD
Tuscaloosa Trout Slayers batting - Pitching for Richmond Flairs : RHP Carlos Fernández
Batting: LHB Robert Phillips 0-0: Called Strike
0-1: Foul Ball, location: 2F
0-2: Ball
1-2: Ground out 6-3 (Groundball, 6)
Batting: LHB António Cedeño 0-0: Called Strike
0-1: Foul Ball, location: 2F
0-2: Ball
1-2: Ball
2-2: Foul Ball, location: 2F
2-2: Strikes out swinging
Batting: LHB Marcos Villarreal 0-0: Ball
1-0: Ball
2-0: Swinging Strike
2-1: Ball
3-1: Swinging Strike
3-2: Strikes out swinging
Bottom of the 3rd over - 0 run(s), 0 hit(s), 0 error(s), 0 left on base; Richmond 7 - Tuscaloosa 4
TOP OF THE 4TH
Richmond Flairs batting - Pitching for Tuscaloosa Trout Slayers : RHP Marlon Ryan
Batting: LHB Sean Nicks 0-0: Swinging Strike
0-1: Foul Ball, location: 2F
0-2: Ball
1-2: Ball
2-2: Foul Ball, location: 2F
2-2: Foul Ball, location: 2F
2-2: Ball
3-2: Base on Balls
Batting: RHB Elliott Johnston 0-0: Called Strike
0-1: Fly out, F8 (Flyball, 8RS)
Batting: LHB Luis Villa 0-0: Swinging Strike
0-1: Ball
1-1: Ball
2-1: Swinging Strike
2-2: Strikes out swinging
Batting: LHB R.J. Courtney 0-0: Ball
1-0: Swinging Strike
1-1: Foul Ball, location: 2F
1-2: Strikes out swinging
Top of the 4th over - 0 run(s), 0 hit(s), 0 error(s), 1 left on base; Richmond 7 - Tuscaloosa 4
BOTTOM OF THE 4TH
Tuscaloosa Trout Slayers batting - Pitching for Richmond Flairs : RHP Carlos Fernández
Batting: RHB Shigemasa Ishida 0-0: Foul Ball, location: 2F
0-1: Ball
1-1: Swinging Strike
1-2: Strikes out swinging
Batting: RHB Satoru Daikawa 0-0: Ball
1-0: Foul Ball, location: 2F
1-1: Foul Ball, location: 2F
1-2: Ball
2-2: Foul Ball, location: 2F
2-2: Foul Ball, location: 2F
2-2: Ball
3-2: Strikes out looking
Batting: RHB Tetsunori Ito 0-0: DOUBLE (Line Drive, 7D)
Batting: RHB José Ortega 0-0: Ground out 4-3 (Groundball, 4M)
Bottom of the 4th over - 0 run(s), 1 hit(s), 0 error(s), 1 left on base; Richmond 7 - Tuscaloosa 4
TOP OF THE 5TH
Richmond Flairs batting - Pitching for Tuscaloosa Trout Slayers : RHP Marlon Ryan
Batting: RHB Hollis Wood 0-0: SINGLE (Line Drive, 9S)
Batting: RHB Gary Thomas 0-0: Foul Ball, location: 2F
0-1: Ball
1-1: Ball
2-1: Ground out 4-3 (Groundball, 34D)
Hollis Wood to second
Batting: RHB Ray Yates 0-0: Ball
1-0: Called Strike
1-1: Ball
2-1: Foul Ball, location: 2F
2-2: Ball
3-2: Strikes out swinging
Batting: RHB Javier Rentería 0-0: Ground out U3 (Groundball, 34)
Top of the 5th over - 0 run(s), 1 hit(s), 0 error(s), 1 left on base; Richmond 7 - Tuscaloosa 4
BOTTOM OF THE 5TH
Tuscaloosa Trout Slayers batting - Pitching for Richmond Flairs : RHP Carlos Fernández
Batting: LHB Pat Zimmerman 0-0: Ball
1-0: Called Strike
1-1: Fly out, F8 (Flyball, 8LS)
Batting: RHB Pat Fullerton 0-0: Ball
1-0: Ground out 5-3 (Groundball, 5S)
Batting: LHB Robert Phillips 0-0: Called Strike
0-1: Foul Ball, location: 2F
0-2: Ball
1-2: Ball
2-2: Ground out 3-1 (Groundball, 34)
Bottom of the 5th over - 0 run(s), 0 hit(s), 0 error(s), 0 left on base; Richmond 7 - Tuscaloosa 4
TOP OF THE 6TH
Richmond Flairs batting - Pitching for Tuscaloosa Trout Slayers : RHP Marlon Ryan
Batting: RHB Freddy Padilla 0-0: Called Strike
0-1: Swinging Strike
0-2: Ground out 6-3 (Groundball, 6)
Batting: LHB Sean Nicks 0-0: Ball
1-0: Ground out U3 (Groundball, 34)
Batting: RHB Elliott Johnston 0-0: Foul Ball, location: 2F
0-1: Ball
1-1: Ground out 6-3 (Groundball, 6)
Top of the 6th over - 0 run(s), 0 hit(s), 0 error(s), 0 left on base; Richmond 7 - Tuscaloosa 4
BOTTOM OF THE 6TH
Tuscaloosa Trout Slayers batting - Pitching for Richmond Flairs : RHP Carlos Fernández
Batting: LHB António Cedeño 0-0: Swinging Strike
0-1: Fly out, F8 (Flyball, 89S)
Batting: LHB Marcos Villarreal 0-0: Called Strike
0-1: Ball
1-1: Swinging Strike
1-2: Strikes out looking
Batting: RHB Shigemasa Ishida 0-0: Ball
1-0: Called Strike
1-1: Called Strike
1-2: Strikes out swinging
Bottom of the 6th over - 0 run(s), 0 hit(s), 0 error(s), 0 left on base; Richmond 7 - Tuscaloosa 4
TOP OF THE 7TH
Richmond Flairs batting - Pitching for Tuscaloosa Trout Slayers : RHP Marlon Ryan
Pitching: RHP Matt McGinnity
Batting: LHB Luis Villa 0-0: Ball
1-0: Foul Ball, location: 2F
1-1: Foul Ball, location: 2F
1-2: Strikes out swinging
Batting: LHB R.J. Courtney 0-0: Ball
1-0: Ball
2-0: Foul Ball, location: 2F
2-1: Called Strike
2-2: Foul Ball, location: 2F
2-2: Foul Ball, location: 2F
2-2: Foul Ball, location: 2F
2-2: Strikes out swinging
Batting: RHB Hollis Wood 0-0: Foul Ball, location: 2F
0-1: Ball
1-1: Ground out 6-3 (Groundball, 6)
Top of the 7th over - 0 run(s), 0 hit(s), 0 error(s), 0 left on base; Richmond 7 - Tuscaloosa 4
BOTTOM OF THE 7TH
Tuscaloosa Trout Slayers batting - Pitching for Richmond Flairs : RHP Carlos Fernández
Batting: RHB Satoru Daikawa 0-0: Ground out 5-3 (Groundball, 5)
Batting: RHB Tetsunori Ito 0-0: DOUBLE (Line Drive, 7LM)
Batting: RHB José Ortega 0-0: Called Strike
0-1: Ball
1-1: Swinging Strike
1-2: Ball
2-2: Foul Ball, location: 2F
2-2: Strikes out looking
Batting: LHB Pat Zimmerman 0-0: Ball
1-0: Called Strike
1-1: Foul Ball, location: 2F
1-2: Ball
2-2: Ball
3-2: Foul Ball, location: 2F
3-2: SINGLE (Groundball, 5D)
Tetsunori Ito to third
Tetsunori Ito scores
Pitching: RHP Luis Bruno
Batting: RHB Pat Fullerton 0-0: Ball
1-0: Called Strike
1-1: Foul Ball, location: 2F
1-2: Ball
2-2: SINGLE (Line Drive, 34)
Pat Zimmerman to second
Batting: LHB Robert Phillips 0-0: Swinging Strike
0-1: Ball
1-1: SINGLE (Groundball, 4MD)
Pat Zimmerman to third
Pat Fullerton to second
Runner from 3rd tries for Home, SAFE, no throw
Batting: LHB António Cedeño 0-0: Ball
1-0: Called Strike
1-1: Foul Ball, location: 2F
1-2: Ball
2-2: Strikes out swinging
Bottom of the 7th over - 2 run(s), 4 hit(s), 0 error(s), 2 left on base; Richmond 7 - Tuscaloosa 6
TOP OF THE 8TH
Richmond Flairs batting - Pitching for Tuscaloosa Trout Slayers : RHP Matt McGinnity
Batting: RHB Gary Thomas 0-0: Ball
1-0: Ground out 4-3 (Groundball, 4)
Batting: RHB Ray Yates 0-0: Called Strike
0-1: Called Strike
0-2: Ball
1-2: Ball
2-2: Strikes out swinging
Batting: RHB Javier Rentería 0-0: Ball
1-0: DOUBLE (Line Drive, 78D)
Pinch Hitting: LHB Frank Geddes 0-0: Ball
1-0: Foul Ball, location: 2F
1-1: Ball
2-1: Ball
3-1: Fly out, F7 (Flyball, 7D)
Top of the 8th over - 0 run(s), 1 hit(s), 0 error(s), 1 left on base; Richmond 7 - Tuscaloosa 6
BOTTOM OF THE 8TH
Tuscaloosa Trout Slayers batting - Pitching for Richmond Flairs : RHP Luis Bruno
Pitching: LHP Enrico Lozano
Now at 2B: Maresuke Yoshida
Batting: LHB Marcos Villarreal 0-0: Called Strike
0-1: Foul Ball, location: 2F
0-2: Foul Ball, location: 2F
0-2: Ball
1-2: Ball
2-2: Ball
3-2: SINGLE (Line Drive, 34)
Pinch Hitting: RHB Ben Morton 0-0: Ball
1-0: Foul Ball, location: 2F
1-1: Called Strike
1-2: Ball
2-2: Foul Ball, location: 2F
2-2: Strikes out swinging
Batting: RHB Satoru Daikawa 0-0: Grounds into double play, 6-4-3 (Groundball, 6)
Bottom of the 8th over - 0 run(s), 1 hit(s), 0 error(s), 0 left on base; Richmond 7 - Tuscaloosa 6
TOP OF THE 9TH
Richmond Flairs batting - Pitching for Tuscaloosa Trout Slayers : RHP Matt McGinnity
Now at 3B: César Reyes
Batting: LHB Sean Nicks 0-0: Reached on error, E5 (Groundball, 6S)
Batting: RHB Elliott Johnston 0-0: Ball
1-0: Foul Ball, location: 2F
1-1: Ball
2-1: Called Strike
2-2: Foul Ball, location: 2F
2-2: Ball
3-2: Strikes out swinging
Batting: LHB Luis Villa 0-0: Intentional Walk
Pinch Runner at 2nd Mike Young:
Batting: LHB R.J. Courtney 0-0: Called Strike
Mike Young steals 3rd base
Luis Villa to second
0-1: Ball
1-1: Ball
2-1: Called Strike
2-2: Foul Ball, location: 2F
2-2: Strikes out swinging
Pinch Hitting: SHB António Enríquez 0-0: Called Strike
0-1: Ball
1-1: Ball
2-1: Ball
3-1: Base on Balls
Pinch Hitting: RHB R.J. Crosby 0-0: Foul Ball, location: 2F
0-1: Ball
1-1: Ball
2-1: Foul Ball, location: 2F
2-2: SINGLE (Groundball, 6D)
Mike Young scores
Luis Villa to third
António Enríquez to second
Runner from 3rd tries for Home, SAFE, throw made home
António Enríquez to third
R.J. Crosby to second
Batting: RHB Ray Yates 0-0: Ball
1-0: Ball
2-0: Foul Ball, location: 2F
2-1: Foul Ball, location: 2F
2-2: Foul Ball, location: 2F
2-2: Foul Ball, location: 2F
2-2: Foul Ball, location: 2F
2-2: Foul Ball, location: 2F
2-2: Ball
3-2: Ground out 6-3 (Groundball, 6)
Top of the 9th over - 2 run(s), 1 hit(s), 1 error(s), 2 left on base; Richmond 9 - Tuscaloosa 6
BOTTOM OF THE 9TH
Tuscaloosa Trout Slayers batting - Pitching for Richmond Flairs : LHP Enrico Lozano
Pitching: RHP Alfonso Rodríguez
Now at C: Carlos Reyes
Now at 3B: Adrián Miranda
Batting: RHB Tetsunori Ito 0-0: Ball
1-0: Ball
2-0: Called Strike
2-1: Ball
3-1: Fly out, F9 (Flyball, 9S)
Batting: RHB José Ortega 0-0: Fly out, F3 (Line Drive, 34)
Batting: LHB Pat Zimmerman 0-0: Called Strike
0-1: Foul Ball, location: 2F
0-2: Ground out 4-3 (Groundball, 4M)
Bottom of the 9th over - 0 run(s), 0 hit(s), 0 error(s), 0 left on base; Richmond 9 - Tuscaloosa 6
Thursday, March 30th, 2017 - OOTP Baseball 17.12 Build 75